woodfighter, neutral female human Tourist ------ |....u## |>.).| # -- |.f.Y|%## .| -.-@--# *. # # . # .. # . # # # # #-.----.--- | ###|.....<..| |..... ####.........| ----- |.*......| ---------- woodfighter the Excursionist Experience level: 6 Strength: 16 Dexterity: 9 Constitution: 16 Intelligence: 11 Wisdom: 7 Charisma: 16 Health: 0(38) Energy: 21(21) Def: 3 Gold: 2065 Moves: 2664 Dungeon seed: uGdMSFTdkGmJtnZo Game ID: woodfighter_1529212451 Your Inventory: Coins $ - 2065 gold pieces Weapons a - 32 blessed +2 darts (in quiver) r - 13 +0 darts Armor e - a blessed +0 Hawaiian shirt (being worn) q - a blessed +2 orcish helm (being worn) z - an uncursed +0 alchemy smock Comestibles b - 2 uncursed tripe rations c - 3 uncursed magic beans f - 2 uncursed food rations g - an uncursed cram ration L - an uncursed eucalyptus leaf Scrolls k - 4 uncursed scrolls of magic mapping s - a blessed scroll of destroy armor u - an uncursed scroll of teleportation E - an uncursed scroll of scare monster I - 5 uncursed scrolls of identify Q - a blessed scroll of confuse monster U - an uncursed scroll of water Spellbooks K - an uncursed spellbook of force bolt Potions j - 2 uncursed potions of extra healing x - an uncursed potion of fruit juice A - a cursed potion of enlightenment D - an uncursed potion of paralysis M - a blessed potion of invisibility R - 2 uncursed potions of healing Rings S - an uncursed -2 ring of increase damage Wands n - a wand of secret door detection (0:11) T - a wand of fire (0:6) Z - a wand of undead turning (0:6) Tools l - an expensive camera (0:51) o - an uncursed oil lamp (0:1085) y - an uncursed credit card O - an uncursed wax candle (0:400) X - an uncursed towel Spells and supernatural/magical abilities: Name Level Category Fail Memory W - pray for help -- divine ? -- Your skills at the end: Miscellaneous Skills wands [Basic] Weapon Skills dart [Skilled] Spellcasting Skills Final Attributes: You were devoutly aligned. You were very stealthy. You are dead. Vanquished creatures: a snake 4 bugbears an Uruk-hai 4 gnome lords a gnomish wizard 2 giant ants a dwarf 2 homunculi an iguana 7 hill orcs a rabid rat a centipede 2 jitterbugs 3 dwarf zombies 2 killer bees a hobbit 2 large kobolds 2 geckos 11 hobgoblins 5 cave spiders a brown mold a yellow mold a red mold a gnome 2 manes 11 jackals 2 kobolds 5 newts a goblin a sewer rat 3 grid bugs a bat 3 lichens a kobold zombie 88 creatures vanquished. Voluntary challenges: You did not adorn yourself with jewelry or accessories. You did not cause conflict. You were not invisible. You did not have reflection. You were not displaced. You never hit with a wielded weapon. You did not apply a unicorn horn. You did not use plumbed fixtures. You did not drink any magical draughts. You were illiterate. You never genocided any monsters. You never polymorphed an object. You never changed form. You used no wishes. You never split a pudding. You never wrote Elbereth's name. You never violated your personal moral code. Dungeon overview: The Dungeons of Doom: levels 1 to 8 Level 1 a fountain a long staircase Level 2 some fountains, a sink Level 3 some altars to The Lady, a fountain Level 4 stairs to The Gnomish Mines Level 5 (throne) a throne Level 6 a fountain Level 7 a potion shop, a sink Level 8 <- You were here The Gnomish Mines: Level 5 stairs to The Dungeons of Doom History has recorded: On T:1 you entered the Dungeons of Doom to retrieve the Amulet of Yendor! On T:61 you reached level 2 of The Dungeons of Doom. On T:572 you advanced to experience level 2. On T:640 you reached level 3 of The Dungeons of Doom. On T:969 you reached level 4 of The Dungeons of Doom. On T:1087 you advanced to experience level 3. On T:1340 you reached level 5 of The Dungeons of Doom. On T:1407 you advanced to experience level 4. On T:1422 you reached level 1 of The Gnomish Mines. On T:1619 you reached level 6 of The Dungeons of Doom. On T:1671 you advanced to experience level 5. On T:1986 you reached level 7 of The Dungeons of Doom. On T:2176 you advanced to experience level 6. On T:2625 you reached level 8 of The Dungeons of Doom. Score breakdown: Gold: 1265 ( 126 points) Experience: 6 levels ( 500 points) Exploration: 8 levels ( 210 points) Discoveries: 18 items ( 900 points) Variety of kills: 34 monsters ( 1700 points) Major goal: (nothing yet) ( 0 points) Survival: died (score multiplied by 3) Total score: 10308 Latest messages: The 1st dart hits the giant ant! You kill the giant ant! a - 4 blessed +2 darts (in quiver). Kitty misses the rabid rat. T - a runed wand. Kitty bites the rabid rat. The rabid rat misses kitty. (2x) $ - 57 gold pieces. Kitty misses the rabid rat. The rabid rat bites! Kitty bites the rabid rat. You throw 2 darts. The 1st dart hits the rabid rat! The 2nd dart hits the rabid rat! You kill the rabid rat! Kitty misses the owlbear. a - 2 blessed +2 darts (in quiver). Kitty misses the owlbear. The owlbear misses kitty. The owlbear punches kitty. The dart hits the owlbear! The dart hits the owlbear! The owlbear punches you! (2x) You die... Final status: Aloha woodfighter the Tourist, killed by an owlbear... You died in The Dungeons of Doom on dungeon level 8 with 10308 points, and 2065 pieces of gold, after 2664 moves. You were level 6 with a maximum of 38 hit points when you died.